 Dungeon Crawl Stone Soup version 0.28.0-49-g6dfe1f597d (webtiles) character file.

Game seed: 5815589101176310298

7476 mortz the Cleaver (level 11, -3/97 HPs)
             Began as a Hill Orc Fighter on May 16, 2022.
             Was an Elder of the Shining One.
             Killed by divine providence
             ... invoked by an orc priest
              (12 damage)
             ... on level 9 of the Dungeon.
             The game lasted 00:48:44 (8349 turns).

mortz the Cleaver (Hill Orc Fighter)                Turns: 8349, Time: 00:48:45

Health: -3/97      AC:  6    Str: 24    XL:     11   Next: 15%
Magic:  17/17      EV: 12    Int:  8    God:    the Shining One [****..]
Gold:   535        SH:  6    Dex: 10    Spells: 10/10 levels left

rFire   . . .      SeeInvis +   P - +9 rapier of Defence {vorpal, rC+, short}
rCold   + . .      Faith    .   c - +1 buckler
rNeg    + + .      Spirit   .   N - +0 leather armour "Hoxoap" {Regen+}
rPois   +          Reflect  .   j - +0 helmet
rElec   .          Harm     .   (no cloak)
rCorr   .          Rampage  .   K - +0 pair of gloves
Will    .....                   (no boots)
Stlth   +.........              (no amulet)
HPRegen 1.06/turn               r - ring of see invisible
MPRegen 0.15/turn               Q - ring of poison resistance

@: glowing
A: no striking features
a: Renounce Religion, Convert to Beogh, Divine Shield, Cleansing Flame


You were on level 9 of the Dungeon.
You worshipped the Shining One.
The Shining One was greatly pleased with you.
You visited 1 branch of the dungeon, and saw 9 of its levels.

You collected 535 gold pieces.


   Skills:
 + Level 9.1 Fighting
 + Level 5.6 Short Blades
 + Level 12.1 Axes
 + Level 1.2 Throwing
 + Level 6.8 Armour
 + Level 3.6 Dodging
 + Level 1.3 Stealth
 + Level 5.4 Shields
 * Level 8.2 Invocations
 + Level 2.3 Evocations


You had 10 spell levels left.
You didn't know any spells.
Your spell library contained the following spells:

 Spells                   Type           Power      Damage    Failure   Level
 Apportation              Tloc           0%         N/A       54%         1
 Pain                     Necr           0%         1d4       54%         1
 Summon Guardian Golem    Hex/Summ       0%         N/A       88%         3
 Agony                    Necr           0%         N/A       100%        5
 Alistair's Intoxication  Tmut/Pois      0%         N/A       100%        5
 Excruciating Wounds      Necr           0%         N/A       100%        5
 Orb of Destruction       Conj           0%         9d5       100%        7
 Spellforged Servitor     Conj/Summ      0%         N/A       100%        7

Inventory:

Hand Weapons
 a - a +0 war axe {axe}
 t - a +0 dagger of flaming {short}
   (You took it off an orc wizard on level 4 of the Dungeon)
 y - a +3 spear of freezing {polearm}
   (You took it off a wight on level 7 of the Dungeon)
 z - a +4 mace of freezing {mace}
   (You took it off a wight on level 7 of the Dungeon)
 G - a +5 short sword {short}
   (You took it off a wight on level 7 of the Dungeon)
 I - a +0 battleaxe {axe}
   (You took it off an orc warrior on level 6 of the Dungeon)
 L - a +0 morningstar {mace}
   (You found it on level 6 of the Dungeon)
 P - the +9 rapier of Defence (weapon) {vorpal, rC+, short}
   (You found it on level 7 of the Dungeon)

   It inflicts extra damage upon your enemies.
   rC:        It protects you from cold.
Missiles
 e - 239 stones {throwing}
 k - 10 poisoned darts (quivered) {throwing}
 M - 2 boomerangs {throwing}
Armour
 b - a +0 scale mail
 c - a +1 buckler (worn)
 i - a +0 ring mail of cold resistance
   (You found it on level 2 of the Dungeon)
 j - a +0 helmet (worn)
   (You took it off Robin on level 3 of the Dungeon)
 v - a +1 hat
   (You took it off Gastronok on level 8 of the Dungeon)
 B - a +0 leather armour of poison resistance
   (You found it on level 5 of the Dungeon)
 K - a +0 pair of gloves (worn)
   (You found it on level 7 of the Dungeon)
 N - the +0 leather armour "Hoxoap" (worn) {Regen+}
   (You found it on level 7 of the Dungeon)

   Regen:     It increases your rate of health regeneration.
Jewellery
 r - a ring of see invisible (left hand)
   (You found it on level 4 of the Dungeon)
 x - a ring of protection from cold
   (You found it on level 4 of the Dungeon)
 Q - a ring of poison resistance (right hand)
   (You found it on level 7 of the Dungeon)
Wands
 w - a wand of paralysis (4)
   (You found it on level 4 of the Dungeon)
 S - a wand of charming (6)
   (You found it on level 7 of the Dungeon)
Scrolls
 f - 2 scrolls of enchant armour
 g - 5 scrolls of teleportation {@r4}
 o - a scroll of enchant weapon {unknown}
 p - a scroll of noise {unknown}
 u - a scroll of brand weapon {unknown}
 A - a scroll of amnesia {unknown}
 C - a scroll of torment {unknown}
 E - a scroll of blinking {unknown}
 J - 3 scrolls of fog {unknown}
 O - a scroll of immolation {unknown}
 R - a scroll of fear {unknown}
Potions
 d - a potion of might
 h - a potion of attraction {!q}
 l - 3 potions of lignification {!q}
 m - 4 potions of brilliance
 n - 3 potions of curing {@q1}
 q - 3 potions of mutation {!q}
 s - 5 potions of flight
 D - a potion of ambrosia
 F - a potion of magic {unknown}
 H - a potion of haste {@q3}
 T - a potion of heal wounds {@q2}

Dungeon Overview and Level Annotations

Branches:
Dungeon (9/15)             Temple (0/1) D:5
   Lair: D:8-11         Orc: D:9-12

Altars:
Fedhas
Gozag
Okawaru
Ru
Uskayaw
The Shining One

Shops:
D:2 [

Annotations:
D:5 2 transporters, bobregger's ghost, novice OgBe

..#
###...')........#####
#.#
..###...###.........#
#.# ..#...###
#.........# ....###
#.........# ..###
########'## ### #...#
# #.### ## #.# .. #@#
.. #o# .. #######o###
.. #.....ooo.# ..
#......o..# ..
#.........# ..
+...o.)...# ..
#...))..>.+ ..
#.....#####


You could see 2 orc priests and 4 orcs.


Message History

The orc warrior hits you from afar with a +0 halberd!! 😕 HP[-19]
You take 19 damage, and now have 78/97 hp.
You hit the orc warrior. The orc warrior barely misses you.
You block the orc warrior's attack. 😕 HP[+1]
You hit the orc warrior.
The orc warrior hits you with a +0 morningstar!
You block the orc warrior's attack.
The orc hits you with a +0 dagger. 😮 HP[-13]
You take 13 damage, and now have 66/97 hp.
You barely miss the orc warrior. You block the orc warrior's attack. x2
The orc hits you but does no damage. 😮 HP[+1] 😮 HP[+1] 😮 HP[+1] 😮 HP[+1] 😮 HP[+1] 😮 HP[+1]
Things that are here:
a +0 dagger {short}; a +0 robe; 😕 HP[+1]
There is an open door, spattered with blood here.
Items here: )) ††. 😕 HP[+2]
You regained 2 hp, and now have 75/97 hp. 😕 HP[+1] 😕 HP[+1]
You hit the orc warrior. You block the orc warrior's attack.
The orc warrior hits you from afar with a +0 halberd! 😮 HP[-6]
You take 6 damage, and now have 71/97 hp.
You hit the orc warrior. The orc warrior closely misses you.
You block the orc warrior's attack. 😮 HP[+1]
You barely miss the orc warrior. You block the orc warrior's attack.
The orc warrior hits you from afar with a +0 halberd! 😮 HP[-13]
You take 13 damage, and now have 59/97 hp.
You puncture the orc warrior!
You kill the orc warrior!
The orc warrior barely misses you. 😮 HP[+1] 😮 HP[+1]
An orc comes into view. It is wielding a +0 club.
The orc priest miscasts a cantrip.
An orc comes into view. It is wielding a +0 club.
The orc warrior hits you with a +0 halberd! 😮 HP[-10]
You take 10 damage, and now have 51/97 hp.
The orc priest shouts, "Surrender to Beogh and we'll let you live!"
The orc shouts!
You puncture the orc warrior!
An orc comes into view. It is wielding a +0 falchion.
The orc warrior barely misses you. 😮 HP[+1]
You barely miss the orc warrior.
The orc shouts!
The orc warrior closely misses you. 😮 HP[+1]
You puncture the orc warrior!
The orc warrior hits you with a +0 halberd. 😮 HP[-3]
You take 3 damage, and now have 50/97 hp.
You barely miss the orc warrior.
The orc warrior hits you with a +0 halberd.
* * * LOW HITPOINT WARNING * * *
😨 HP[-4]
You take 4 damage, and now have 46/97 hp.
You puncture the orc warrior!
The orc warrior hits you with a +0 halberd!!
* * * LOW HITPOINT WARNING * * *
😨 HP[-19]
You take 19 damage, and now have 27/97 hp.
You hit the orc warrior.
You kill the orc warrior!
An orc priest comes into view. It is wielding a +0 flail. 😨 HP[+1]
You hit the orc warrior but do no damage. 😨 HP[+1]
The orc priest threatens, "By the altar or by the axe, you will meet Beogh!"
You hit the orc warrior.
The orc warrior closely misses you. 😨 HP[+1]
You puncture the orc warrior! You block the orc warrior's attack.
The orc priest mumbles some strange prayers to Beogh against you.
Beogh smites you!
* * * LOW HITPOINT WARNING * * *
😱 HP[-12]
You take 12 damage, and now have 18/97 hp.
You hit the orc warrior.
The orc warrior hits you with a +0 hand axe!
* * * LOW HITPOINT WARNING * * *
😱 HP[-11]
You take 11 damage, and now have 7/97 hp.
You puncture the orc warrior!
You kill the orc warrior! 😱 HP[+1]
You hit the orc. The orc completely misses you.
The orc priest mumbles some strange prayers to Beogh against you.
Beogh smites you!
You die...

Skill      XL: |  1  2  3  4  5  6  7  8  9 10 11 |
---------------+----------------------------------+-----
Fighting       | 4 5 6 7 8 9 |  9.1
Axes           | 3 5 6 7 10 11 12 | 12.1
Armour         | 4 6 |  6.8
Invocations    | 3 5 6 8 |  8.2
Throwing       | 1 |  1.2
Shields        | 4 5 |  5.4
Dodging        | 1 2 3 |  3.6
Short Blades   | 4 5 |  5.6
Stealth        | 1 |  1.3
Evocations     | 1 2 |  2.3

Action                   |  1- 3 |  4- 6 |  7- 9 | 10-12 || total
-------------------------+-------+-------+-------+-------++-------
Melee: War axe           |    78 |    63 |   299 |       ||   440
       Rapier            |       |       |     3 |   176 ||   179
Throw: Stone             |    42 |       |       |       ||    42
       Dart              |     4 |       |     3 |     4 ||    11
Evoke: Wand              |       |       |       |     9 ||     9
  Use: Scroll            |     5 |       |     4 |     1 ||    10
       Potion            |       |     1 |     1 |       ||     2
Armor: Scale mail        |    35 |    34 |    80 |       ||   149
       Leather armour    |       |       |    10 |    42 ||    52
       Ring mail         |       |       |     2 |       ||     2
Dodge: Dodged            |    33 |    20 |   112 |    73 ||   238
Block: Buckler           |    15 |    18 |    67 |    47 ||   147

Levels and vault maps discovered:
D:1:      eino_arrival_water_star, layout_loops_corners, basic_ecumenical_altar,
          grunt_decor_junction, st_stairs_14, minmay_distorted
D:2:      layout_rooms, serial_shops, nicolae_shop_hallway_stairs
D:3:      minmay_door_path, layout_rooms, dancing_weapons_uskayaw,
          minmay_misc_feat_encased, uniq_grinder, uniq_sigmund, uniq_robin
D:4:      layout_loops_ring, nicolae_gozag_seed_capital
D:5:      layout_basic, okawaru_metal_pillars_3,
          minmay_temple_entry_stoned_glass, gammafunk_ghost_mausoleum,
          grunt_tough_drop
D:6:      minmay_klotski, layout_cave_pools, amcnicky_altar_gilded
D:7:      layout_loops_ring, uniq_prince_ribbit1, uniq_joseph
D:8:      layout_basic, old_standard_altar, uniq_gastronok, uniq_grum
D:9:      layout_roguey, fedhas_ov_isle_minmay,
          nicolae_hepliaklqana_monster_ancestors, david_orc_4

Notes
Turn   | Place    | Note
-------+----------+-------------------------------------------
     0 | D:1      | mortz the Hill Orc Fighter began the quest for the Orb.
     0 | D:1      | Reached XP level 1. HP: 19/19 MP: 1/1
     0 | D:1      | magus.rc [v1.9.6]
   125 | D:1      | Found a faded altar of an unknown god.
   138 | D:1      | Prayed at the altar of an unknown god.
   138 | D:1      | Became a worshipper of the Shining One
   138 | D:1      | Reached * piety under the Shining One
   209 | D:1      | Reached XP level 2. HP: 27/27 MP: 2/2
   521 | D:1      | Reached skill level 4 in Fighting
   670 | D:1      | Reached XP level 3. HP: 33/33 MP: 3/3
   957 | D:2      | Found Pafy's Antique Armour Shoppe.
  1095 | D:2      | Reached skill level 3 in Axes
  1171 | D:2      | Reached skill level 4 in Armour
  1456 | D:3      | Noticed Sigmund
  1456 | D:3      | Found a hide-covered altar of Uskayaw.
  1519 | D:3      | Reached XP level 4. HP: 40/40 MP: 4/4
  1529 | D:3      | Reached skill level 1 in Invocations
  1532 | D:3      | Noticed Robin
  1567 | D:3      | Killed Robin
  1666 | D:3      | Reached skill level 2 in Invocations
  1691 | D:3      | HP: 9/40 [Sigmund/+0 scythe (6)]
  1692 | D:3      | HP: 1/40 [Sigmund/+0 scythe (8)]
  1697 | D:3      | HP: 9/40 [Sigmund/magic dart (4)]
  1698 | D:3      | Killed Sigmund
  1699 | D:3      | Reached skill level 5 in Axes
  1699 | D:3      | Reached skill level 3 in Invocations
  1699 | D:3      | Reached XP level 5. HP: 11/47 MP: 5/7
  1699 | D:3      | Reached XP level 6. HP: 12/53 MP: 5/8
  2024 | D:3      | Reached ** piety under the Shining One
  2087 | D:3      | Noticed Grinder
  2098 | D:3      | Killed Grinder
  2099 | D:3      | Reached skill level 6 in Axes
  2099 | D:3      | Reached XP level 7. HP: 43/60 MP: 9/9
  2453 | D:3      | Noticed a +0 hand axe
  2455 | D:3      | Noticed a +0 dagger
  2612 | D:4      | You pick up a book of Party Tricks and begin reading...
  2612 | D:4      | You add the spells Apportation and Alistair's Intoxication
                  | to your library.
  2692 | D:4      | Reached skill level 4 in Invocations
  2836 | D:4      | Reached skill level 5 in Fighting
  2945 | D:4      | Reached skill level 7 in Axes
  2950 | D:4      | Reached skill level 1 in Throwing
  2950 | D:4      | Reached skill level 4 in Shields
  2950 | D:4      | Reached skill level 5 in Invocations
  3119 | D:4      | Reached XP level 8. HP: 67/68 MP: 11/11
  3146 | D:4      | Found an opulent altar of Gozag.
  3204 | D:4      | Reached skill level 8 in Axes
  3377 | D:4      | Reached skill level 5 in Armour
  3377 | D:4      | Reached skill level 1 in Dodging
  3683 | D:5      | Entered Level 5 of the Dungeon
  3809 | D:5      | Found an iron altar of Okawaru.
  3860 | D:5      | Found a staircase to the Ecumenical Temple.
  3870 | D:5      | Reached skill level 9 in Axes
  4472 | D:5      | Found a transporter.
  4476 | D:5      | Noticed bobregger's ghost (novice OgBe)
  4477 | D:5      | Found a transporter.
  4621 | D:6      | Found a glowing golden altar of the Shining One.
  4762 | D:6      | Reached skill level 6 in Fighting
  4762 | D:6      | Reached skill level 6 in Armour
  4768 | D:6      | Reached skill level 10 in Axes
  4768 | D:6      | Reached XP level 9. HP: 29/75 MP: 12/12
  5350 | D:6      | Reached *** piety under the Shining One
  5587 | D:7      | You pick up a book of Pain and begin reading...
  5587 | D:7      | You add the spells Pain, Agony and Excruciating Wounds to
                  | your library.
  5789 | D:7      | You pick up a book of Dangerous Friends and begin
                  | reading...
  5789 | D:7      | You add the spells Summon Guardian Golem, Orb of
                  | Destruction and Spellforged Servitor to your library.
  5858 | D:7      | Reached skill level 11 in Axes
  5864 | D:7      | Identified the +0 leather armour "Hoxoap" {Regen+}
  5907 | D:7      | Reached skill level 7 in Fighting
  5995 | D:7      | Reached skill level 2 in Dodging
  6051 | D:7      | Noticed Joseph
  6068 | D:7      | Killed Joseph
  6069 | D:7      | Reached skill level 6 in Invocations
  6185 | D:7      | Noticed Prince Ribbit
  6199 | D:7      | HP: 19/79 [Prince Ribbit (14)]
  6199 | D:7      | HP: 6/79 [wyvern skeleton (13)]
  6267 | D:7      | Identified the +9 rapier of Defence {vorpal, rC+}
  6378 | D:7      | Killed Prince Ribbit
  6379 | D:7      | Reached XP level 10. HP: 86/86 MP: 14/14
  6826 | D:8      | Reached skill level 1 in Short Blades
  6829 | D:8      | Reached skill level 12 in Axes
  6841 | D:8      | Reached **** piety under the Shining One
  7030 | D:8      | Noticed Grum
  7045 | D:8      | Reached skill level 8 in Fighting
  7049 | D:8      | Killed Grum
  7050 | D:8      | Reached skill level 3 in Dodging
  7157 | D:8      | Reached skill level 5 in Shields
  7195 | D:8      | Found a sacrificial altar of Ru.
  7206 | D:8      | Reached skill level 1 in Stealth
  7212 | D:8      | Reached skill level 2 in Short Blades
  7352 | D:8      | Noticed Gastronok
  7360 | D:8      | HP: 12/88 [Gastronok/the air (17)]
  7532 | D:8      | Killed Gastronok
  7533 | D:8      | Reached skill level 3 in Short Blades
  7533 | D:8      | Reached skill level 7 in Invocations
  7533 | D:8      | Reached skill level 1 in Evocations
  7643 | D:9      | Reached skill level 4 in Short Blades
  7646 | D:9      | HP: 18/90 [yak (12)]
  7900 | D:9      | Reached skill level 8 in Invocations
  7900 | D:9      | Reached XP level 11. HP: 92/95 MP: 15/17
  7982 | D:9      | Found a blossoming altar of Fedhas.
  8082 | D:9      | Reached skill level 5 in Short Blades
  8253 | D:9      | Reached skill level 9 in Fighting
  8257 | D:9      | Reached skill level 2 in Evocations
  8346 | D:9      | HP: 18/97 [orc priest/divine providence (13)]
  8347 | D:9      | HP: 7/97 [orc warrior/+0 hand axe (12)]
  8349 | D:9      | Killed from afar by an orc priest

Vanquished Creatures
  Gastronok (D:8)
  Joseph (D:7)
  A troll (D:9)
  Prince Ribbit (D:7)
  Grinder (D:3)
  A wraith (D:9)
  Sigmund (D:3)
  4 yaks
  3 steam dragons
  Grum (D:8)
  2 water moccasins
  An ice beast (D:6)
  3 black bears
  6 orc warriors
  3 ogres
  3 wolves (D:8)
  2 centaurs (D:8)
  3 bullfrogs (D:7)
  A kobold brigand (D:8)
  A wyvern zombie (D:6)
  A scorpion (D:4)
  A wyvern skeleton (D:7)
  8 killer bees
  8 wights
  4 howler monkeys
  A centaur zombie (D:8)
  2 bullfrog zombies
  5 hounds
  2 bullfrog skeletons
  A centaur skeleton (D:5)
  8 orc priests
  4 jellies
  A scorpion zombie (D:5)
  3 iguanas
  5 orc wizards
  Robin (D:3)
  5 gnolls
  A howler monkey skeleton (D:5)
  7 adders
  A white imp (D:7)
  An ufetubus (D:5)
  An adder skeleton (D:4)
  A worm (D:4)
  4 dart slugs
  20 orcs
  3 ball pythons
  7 endoplasms
  3 giant cockroaches
  13 goblins
  10 hobgoblins
  8 jackals
  4 quokkas
  6 bats
  A frilled lizard (D:3)
  11 kobolds
  5 rats
207 creatures vanquished.

Table legend:
 A = Non-vault XP
 B = Vault XP
 C = Vault XP percentage of total XP
 D = Non-vault monster count
 E = Vault monster count
 F = Vault count percentage of total count
                 A         B        C        D         E       F
            +---------+---------+-------+---------+---------+-------
      Total |    6580 |    4100 |  38.4 |     165 |      42 |  20.3
            +---------+---------+-------+---------+---------+-------
        D:1 |      33 |       4 |  10.8 |      18 |       2 |  10.0
        D:2 |      40 |       0 |   0.0 |      15 |       0 |   0.0
        D:3 |      52 |     558 |  91.5 |      18 |      16 |  47.1
        D:4 |     922 |       0 |   0.0 |      29 |       0 |   0.0
        D:5 |     327 |     269 |  45.1 |      10 |       6 |  37.5
        D:6 |     785 |       0 |   0.0 |      18 |       0 |   0.0
        D:7 |    1213 |     671 |  35.6 |      19 |       2 |   9.5
        D:8 |    1456 |    1943 |  57.2 |      21 |       5 |  19.2
        D:9 |    1752 |     655 |  27.2 |      17 |      11 |  39.3
            +---------+---------+-------+---------+---------+-------

Illustrated notes

Table legend:
 A = Kills in this place as a percentage of kills in entire the game.
 B = Kills by you in this place as a percentage of kills by you in the entire game.
 C = Kills by friends in this place as a percentage of kills by friends in the entire game.
 D = Other kills in this place as a percentage of other kills in the entire game.
 E = Experience gained in this place as a percentage of experience gained in the entire game.
 F = Experience gained in this place divided by the number of levels of this place that you have seen.
                   A       B       C       D       E      F
               +-------+-------+-------+-------+-------+----------------------
         Total | 100.0 | 100.0 |   N/A |   N/A | 100.0 | 1186.7
       Dungeon | 100.0 | 100.0 |   N/A |   N/A | 100.0 | 1186.7
               +-------+-------+-------+-------+-------+----------------------

Table legend: (Time is in decaauts)
 A = Elapsed time spent in this place.
 B = Non-inter-level travel time spent in this place.
 C = Inter-level travel time spent in this place.
 D = Time resting spent in this place.
 E = Time spent auto-exploring this place.
 F = Levels seen in this place.
 G = Mean time per level.
                   A        B        C        D        E       F      G
               +--------+--------+--------+--------+--------+-----+--------+
         Total |   8449 |   8240 |    209 |    799 |   5492 |   9 |  938.8 |
       Dungeon |   8449 |   8240 |    209 |    799 |   5492 |   9 |  938.8 |
               +--------+--------+--------+--------+--------+-----+--------+

Top non-repeatable levels by time:
     D:4: 1168 daAuts
     D:3: 1082 daAuts
     D:8: 1081 daAuts
     D:7: 1073 daAuts
     D:1: 977 daAuts
     D:5: 941 daAuts
     D:6: 935 daAuts
     D:9: 660 daAuts
     D:2: 530 daAuts
